 Dungeon Crawl Stone Soup version 0.23.2-33-g5129a83184 (webtiles) character file.

Game seed: 2460700870913093072

6120 Destapler the Spear-Bearer (level 10, -3/88 HPs)
             Began as a Yellow Draconian Ice Elementalist on Aug 11, 2019.
             Was a High Priest of Okawaru.
             Slain by an orc warrior
             ... wielding a +0 halberd
              (23 damage)
             ... on level 9 of the Dungeon.
             The game lasted 01:18:29 (12908 turns).

Destapler the Spear-Bearer (DrIE)                  Turns: 12908, Time: 01:18:30

Health: -3/88      AC: 15    Str: 12    XL:     10   Next: 59%
Magic:  15/16      EV: 12    Int: 16    God:    Okawaru [*****.]
Gold:   181        SH:  0    Dex: 11    Spells: 12/17 levels left

rFire    . . .     SeeInvis +   h - +4 spear
rCold    . . .     Gourm    .   (no shield)
rNeg     . . .     Faith    .   (armour unavailable)
rPois    .         Spirit   .   I - +2 hat
rElec    .         Reflect  .   f - +1 cloak
rCorr    +         Harm     .   y - +0 pair of gloves
MR       .....     Clarity  +   (no boots)
Stlth    ++........             (no amulet)
HPRegen  0.24/turn              q - +3 ring of protection
MPRegen  0.15/turn              d - ring of see invisible

@: short of breath, slowed, heavily drained, very slow
A: spit acid, unfitting armour, antennae 1, fangs 1, clarity, clumsy 1,
cold-blooded, acid resistance, AC +7
a: Breathe Acid, Heroism, Finesse, Renounce Religion


You were on level 9 of the Dungeon.
You worshipped Okawaru.
Okawaru was extremely pleased with you.
You were hungry.

You visited 1 branch of the dungeon, and saw 9 of its levels.

You collected 471 gold pieces.
You spent 290 gold pieces at shops.

Inventory:

Hand Weapons
 h - a +4 spear (weapon)
Missiles
 c - 181 stones (quivered)
 H - 2 throwing nets
Armour
 f - a +1 cloak (worn)
 y - a +0 pair of gloves (worn)
 I - a +2 hat (worn)
Magical Staves
 k - an uncursed staff of summoning
Jewellery
 d - a ring of see invisible (right hand)
 i - an uncursed ring of positive energy
 l - the ring "Genau" {rC- rN++ Int+4 Stlth-}
   (You took it off an orc wizard on level 6 of the Dungeon)

   [ring of attention]

   It affects your intelligence (+4).
   It makes you vulnerable to cold.
   It greatly protects you from negative energy.
   It makes you less stealthy.
 o - an uncursed ring of fire
 q - a +3 ring of protection (left hand)
 x - an uncursed ring of positive energy
 K - an uncursed ring of wizardry
Wands
 j - a wand of polymorph (17)
 A - a wand of digging (6)
 D - a wand of disintegration (6)
 J - a wand of random effects (28)
Scrolls
 a - a scroll of enchant armour
 e - 2 scrolls of identify
 g - 3 scrolls of remove curse
 m - a scroll of fear
 n - a scroll of magic mapping
 t - a scroll of amnesia
 u - a scroll of teleportation
 z - 3 scrolls of blinking
 B - a scroll of random uselessness {unknown}
 E - 3 scrolls of fog
Potions
 p - a potion of flight
 r - 2 potions of curing
 s - a potion of magic
 v - a potion of lignification
 w - 4 potions of brilliance
 C - a potion of cancellation {unknown}
 F - a potion of agility {unknown}
 G - a potion of ambrosia
 M - a potion of heal wounds
 N - a potion of haste
Comestibles
 b - 19 rations


   Skills:
 + Level 8.3(6.9) Fighting
 + Level 9.6(8.2) Polearms
 - Level 3.8(2.7) Dodging
 - Level 3.1(2.0) Stealth
 - Level 4.0(2.8) Spellcasting
   Level 1.0(0.0) Conjurations
 - Level 3.2(2.1) Summonings
 - Level 3.0(1.8) Translocations
 - Level 5.0(3.7) Ice Magic
 - Level 5.9(4.6) Invocations


You had 12 spell levels left.
You knew the following spells:

 Your Spells              Type           Power        Failure   Level  Hunger
a - Freeze                Ice            ##..         4%          1    #......
b - Blink                 Tloc           N/A          14%         2    ##.....
c - Call Imp              Summ           #.......     12%         2    ##.....

Your spell library contained the following spells:

 Spells                   Type           Power        Failure   Level  Hunger
 Throw Frost              Conj/Ice       #.....       13%         2    ##.....
 Beastly Appendage        Tmut           #.....       19%         1    #......
 Magic Dart               Conj           #...         19%         1    #......
 Ozocubu's Armour         Chrm/Ice       #.......     26%         3    ###....
 Slow                     Hex            #.......     28%         2    ##.....
 Sticks to Snakes         Tmut           #.......     28%         2    ##.....
 Conjure Flame            Conj/Fire      #.......     50%         3    ###....
 Mephitic Cloud           Conj/Pois/Air  #.......     50%         3    ###....
 Spider Form              Tmut/Pois      #.........   50%         3    ###....
 Summon Ice Beast         Ice/Summ       ##......     50%         4    #####..
 Ice Form                 Ice/Tmut       #.......     65%         4    #####..
 Throw Icicle             Conj/Ice       #.......     65%         4    #####..
 Blade Hands              Tmut           #.........   99%         5    ######.


Dungeon Overview and Level Annotations

Branches:
Dungeon (9/15)             Temple (0/1) D:7
   Lair: D:8-11         Orc: D:9-12

Altars:
Ashenzari
Elyvilon
Gozag
Hepliaklqana
Kikubaaqudgha
Makhleb
Okawaru
Uskayaw
Vehumet
Yredelemnul
The Shining One

Shops:
D:4 :   D:6 =**?(   D:7 %

Annotations:
D:6 2 transporters, FishyPogo's ghost, novice DsIE


Innate Abilities, Weirdness & Mutations

You can spit globs of acid.
Your golden yellow scales are hard. (AC +7)
You cannot fit into any form of body armour.
You are cold-blooded and may be slowed by cold attacks.
You are resistant to acid. (rCorr)
You have a pair of small antennae on your head.
You have very sharp teeth.
You possess an exceptional clarity of mind.
You are clumsy. (Dex -2)


Message History

You feel drained. The orc hits you but does no damage.
The orc wizard hits you but does no damage.
You feel drained.
You hit the orc wizard.
The orc wizard is severely wounded.
The orc warrior hits you from afar with a +0 halberd.
Your crimson imp hits the orc.
The orc wizard hits you with a +0 dagger of draining.
You feel drained. The orc hits you with a +0 club.
You puncture the orc wizard!
You kill the orc wizard!
Okawaru accepts your kill.
Your crimson imp closely misses the orc.
The orc warrior hits you from afar with a +0 halberd!!
* * * LOW HITPOINT WARNING * * *
You barely miss the orc. You bite the orc.
The orc is heavily wounded.
The orc hits you but does no damage.
The orc warrior hits you from afar with a +0 halberd!!
You die...

### ### .. ##.## #.....
##o..## #.##.# .....#
##.##.###. ..o#
#.........#######5####...
#.<##.# #.......@o......# .
#..##.###.#######.#########.
#.........# ##'## #..
##.##.###.# ##...## #.#
#..<.....# ##.....## #.#
####.#.### #.......## #.#
#....# #.........####.#
#.......+.........'....#
#....####.........####.#


You could see an orc warrior, an orc and a friendly crimson imp.

Vanquished Creatures
  Harold (D:8)
  Pikel (D:8)
  A hippogriff (D:9)
  A wyvern (D:8)
  A yak (D:7)
  A human (D:7)
  3 hogs (D:7)
  Duvessa (D:5)
  3 slaves
  An ice beast (D:6)
  An orc warrior (D:8)
  2 sky beasts (D:8)
  2 ogres
  A centaur (D:8)
  A bullfrog (D:9)
  Dowan (D:5)
  A water moccasin zombie (D:6)
  6 scorpions
  6 killer bees (D:9)
  A howler monkey (D:6)
  2 crimson imps
  2 centaur zombies
  A bullfrog zombie (D:5)
  A hound (D:4)
  3 orc priests
  7 orc wizards
  2 gnoll shamans
  2 bullfrog skeletons
  An iguana (D:8)
  5 worker ants (D:4)
  3 hound skeletons (D:4)
  4 worker ant zombies
  13 gnolls
  7 adders
  A shadow imp (D:6)
  An ooze (D:1)
  An adder skeleton (D:4)
  A worm (D:2)
  7 dart slugs
  3 leopard geckos
  31 orcs
  8 bats
  5 giant cockroaches
  8 goblins
  12 hobgoblins
  13 jackals
  8 kobolds
  2 quokkas
  7 frilled lizards
  A leopard gecko zombie (D:8)
  7 rats
205 creatures vanquished.

Vanquished Creatures (collateral kills)
  Gastronok (D:8)
  A slave (D:8)
  A crimson imp (D:8)
  A worker ant (D:8)
  2 orcs (D:8)
  2 jackals (D:8)
8 creatures vanquished.

Vanquished Creatures (others)
  2 orcs (D:8)
2 creatures vanquished.

Grand Total: 215 creatures vanquished

Notes
Turn   | Place    | Note
-------+----------+-------------------------------------------
     0 | D:1      | Destapler the Draconian Ice Elementalist began the quest
                  | for the Orb.
     0 | D:1      | Reached XP level 1. HP: 14/14 MP: 3/3
   132 | D:1      | Reached skill level 1 in Fighting
   226 | D:1      | Reached XP level 2. HP: 8/24 MP: 5/5
   969 | D:1      | Reached XP level 3. HP: 23/31 MP: 4/6
  1340 | D:2      | Reached XP level 4. HP: 28/38 MP: 7/7
  2081 | D:2      | Found an iron altar of Okawaru.
  2187 | D:2      | Became a worshipper of Warmaster Okawaru
  2467 | D:3      | Found a hide-covered altar of Uskayaw.
  2472 | D:3      | Found a radiant altar of Vehumet.
  2551 | D:3      | Reached XP level 5. HP: 41/45 MP: 9/9
  2779 | D:3      | Found a shattered altar of Ashenzari.
  2779 | D:3      | Found a basalt altar of Yredelemnul.
  3288 | D:4      | Gained mutation: You are clumsy. (Dex -2) [potion of
                  | mutation]
  3288 | D:4      | Gained mutation: You have a pair of small antennae on your
                  | head. [potion of mutation]
  3288 | D:4      | Gained mutation: You have very sharp teeth. [potion of
                  | mutation]
  3288 | D:4      | Gained mutation: You possess an exceptional clarity of
                  | mind. [potion of mutation]
  3316 | D:4      | Reached XP level 6. HP: 24/51 MP: 10/10
  3638 | D:4      | Reached skill level 5 in Ice Magic
  3681 | D:4      | Found Daen's Book Emporium.
  3831 | D:4      | Reached skill level 1 in Invocations
  3863 | D:4      | Reached * piety under Okawaru
  4291 | D:4      | Your scales start taking on a golden yellow colour.
  4291 | D:4      | Reached XP level 7. HP: 44/57 MP: 11/11
  4291 | D:4      | Gained mutation: You are resistant to acid. (rCorr) [Yellow
                  | Draconian growth]
  4365 | D:4      | Found a glowing golden altar of the Shining One.
  5015 | D:4      | Bought a book of Minor Magic for 240 gold pieces
  5018 | D:4      | Learned a level 2 spell: Blink
  5085 | D:5      | Entered Level 5 of the Dungeon
  5362 | D:5      | Reached skill level 1 in Translocations
  5534 | D:5      | Noticed Duvessa
  5850 | D:5      | Noticed Dowan
  5891 | D:5      | Killed Duvessa
  5891 | D:5      | Reached ** piety under Okawaru
  5891 | D:5      | Reached skill level 5 in Invocations
  6133 | D:5      | Killed Dowan
  6142 | D:5      | Reached XP level 8. HP: 55/63 MP: 13/13
  6399 | D:6      | Found Kipn's General Store.
  6402 | D:6      | Bought a potion of heal wounds for 50 gold pieces
  7300 | D:6      | Found Kuiv Fue's Magic Scroll Shoppe.
  7356 | D:6      | Identified the ring "Genau" {rC- rN++ Int+4 Stlth-}
  7542 | D:6      | Found a transporter.
  7542 | D:6      | Found a transporter.
  7544 | D:6      | Noticed a hornet
  7546 | D:6      | Noticed FishyPogo's ghost (novice DsIE)
  7570 | D:6      | Noticed a queen bee
  7712 | D:6      | Found Loykuj's Assorted Antiques.
  7725 | D:6      | Found Qiemo's Jewellery Emporium.
  7878 | D:6      | Found Ilouru Sauwk's Antique Weapon Emporium.
  8557 | D:7      | Learned a level 2 spell: Call Imp
  8610 | D:7      | Found a hazy altar of Hepliaklqana.
  8767 | D:7      | Reached skill level 1 in Summonings
  8771 | D:7      | Found a staircase to the Ecumenical Temple.
  9173 | D:7      | Found Quvihue's Food Boutique.
  9651 | D:6      | Reached skill level 1 in Polearms
  9843 | D:7      | Reached skill level 2 in Polearms
  9845 | D:7      | Reached skill level 3 in Polearms
  9845 | D:7      | Reached XP level 9. HP: 55/71 MP: 10/15
  9860 | D:7      | Reached *** piety under Okawaru
  9860 | D:7      | Reached skill level 4 in Polearms
 10271 | D:8      | Reached skill level 5 in Polearms
 10317 | D:8      | Found an opulent altar of Gozag.
 10358 | D:8      | Reached skill level 6 in Polearms
 10418 | D:8      | Found a burning altar of Makhleb.
 10634 | D:8      | Noticed Pikel
 10773 | D:8      | Reached skill level 7 in Polearms
 10873 | D:8      | Found an ancient bone altar of Kikubaaqudgha.
 10904 | D:8      | Noticed Harold
 10918 | D:8      | Was placed under penance by Okawaru
 10928 | D:8      | HP: 1/72 [Harold/+0 halberd (20)]
 10938 | D:8      | Killed Harold
 10938 | D:8      | Was forgiven by Okawaru
 10938 | D:8      | Reached skill level 5 in Fighting
 11269 | D:8      | Found a white marble altar of Elyvilon.
 11284 | D:8      | Reached **** piety under Okawaru
 11284 | D:8      | Reached skill level 8 in Polearms
 11316 | D:8      | Noticed Gastronok
 11551 | D:8      | Killed Gastronok
 11551 | D:8      | Reached ***** piety under Okawaru
 11551 | D:8      | Reached skill level 9 in Polearms
 11551 | D:8      | Reached XP level 10. HP: 36/86 MP: 9/16
 11830 | D:8      | Killed Pikel
 12908 | D:9      | Slain by an orc warrior

Skill      XL: |  1  2  3  4  5  6  7  8  9 10 |
---------------+-------------------------------+-----
Fighting       | 1 3 4 7 8 |  8.3
Stealth        | 2 3 |  3.1
Spellcasting   | 3 4 |  4.0
Ice Magic      | 4 5 |  5.0
Dodging        | 3 |  3.8
Invocations    | 2 5 |  5.9
Translocations | 2 3 |  3.0
Summonings     | 3 |  3.2
Polearms       | 3 9 |  9.6
Conjurations   | |  1.0

Action                   |  1- 3 |  4- 6 |  7- 9 | 10-12 || total
-------------------------+-------+-------+-------+-------++-------
Melee: Whip              |    22 |       |       |       ||    22
       Tailslap          |     4 |    16 |    47 |    11 ||    78
       Unarmed           |     2 |       |     4 |       ||     6
       Spear             |    42 |   267 |   617 |   128 ||  1054
       Bite              |       |     9 |    40 |     8 ||    57
Throw: Stone             |    19 |    11 |    14 |     4 ||    48
 Cast: Freeze            |    11 |       |       |       ||    11
       Blink             |       |       |     1 |       ||     1
       Call Imp          |       |       |    28 |    10 ||    38
Invok: Heroism           |       |       |     2 |       ||     2
 Abil: Breathe Acid      |       |       |    12 |     4 ||    16
  Use: Potion            |       |     3 |     9 |       ||    12
       Scroll            |       |       |    18 |       ||    18
 Stab: Sleeping          |     5 |     5 |     6 |     1 ||    17
       Distracted        |       |     1 |     4 |     1 ||     6
       Confused          |       |       |     1 |       ||     1
  Eat: Chunk             |     1 |    10 |    27 |     5 ||    43
Armor: Skin              |    24 |    87 |   154 |    55 ||   320
Dodge: Dodged            |    38 |   170 |   321 |    67 ||   596
